 Dungeon Crawl Stone Soup version 0.21-a0-591-g2314aa1 (webtiles) character file.

4 mopl the Caller (level 1, 0/13 HPs)
             Began as a Barachi Summoner on Dec 22, 2017.
             Slain by a jackal (1 damage)
             ... on level 1 of the Dungeon.
             The game lasted 00:00:29 (261 turns).

mopl the Caller (Barachi Summoner)                   Turns: 261, Time: 00:00:30

Health: 0/13       AC:  2    Str:  9    XL:     1   Next: 70%
Magic:  0/3        EV: 12    Int: 15    God:
Gold:   0          SH:  0    Dex: 12    Spells: 3/4 levels left

rFire    . . .     SeeInvis .   d - +0 whip
rCold    . . .     Gourm    .   (no shield)
rNeg     . . .     Faith    .   a - +0 robe
rPois    .         Spirit   .   (no helmet)
rElec    .         Reflect  .   (no cloak)
rCorr    .         Harm     .   (no gloves)
MR       .....                  (no boots)
Stlth    ++........             (no amulet)
HPRegen  0.04/turn              (no ring)
MPRegen  0.08/turn              (no ring)

@: very slightly contaminated, slow
A: +LOS, swims, slowness 1, strong legs 1
a: Hop


You were on level 1 of the Dungeon.
You were not hungry.

You visited 1 branch of the dungeon, and saw 1 of its levels.

Inventory:

Hand Weapons
 d - a +0 whip (weapon)
Armour
 a - a +0 robe (worn)
Books
 b - a book of Callings

   Spells                             Type                      Level
   a - Summon Small Mammal            Summoning                    1
   b - Call Imp                       Summoning                    2
   c - Call Canine Familiar           Summoning                    3
   d - Summon Guardian Golem          Hexes/Summoning              3
   e - Summon Lightning Spire         Summoning/Air                4
   f - Summon Ice Beast               Ice/Summoning                4
Comestibles
 c - a ration


   Skills:
 - Level 2.1 Dodging
 - Level 1.7 Stealth
 + Level 2.3 Spellcasting
 * Level 5.0 Summonings


You had 3 spell levels left.
You knew the following spells:

 Your Spells              Type           Power        Failure   Level  Hunger
a - Summon Small Mammal   Summ           ###.         2%          1    #......


Dungeon Overview and Level Annotations

Branches:
Dungeon (1/15)

Altars:


Innate Abilities, Weirdness & Mutations

Shadows flee at your approach. (+LOS)
You can swim through water.
You cover ground slowly.
You can hop short distances.


Message History

You hit the jackal but do no damage.
The jackal is moderately wounded.
Your bat closely misses the jackal.
Your bat misses the jackal. The jackal misses you. The rat bites you.
* * * LOW HITPOINT WARNING * * *
The rat closely misses you. The jackal bites you.
* * * LOW HITPOINT WARNING * * *
Unknown command.
You closely miss the jackal.
The jackal is moderately wounded.
Your bat closely misses the jackal.
The rat bites you.
* * * LOW HITPOINT WARNING * * *
The jackal bites you but does no damage.
Your bat hits the rat. The rat barely misses you.
The rat bites you but does no damage.
You hit the jackal but do no damage.
The jackal is moderately wounded.
Your bat closely misses the jackal. x2; The jackal barely misses you.
The rat barely misses you. x2; The jackal bites you.
You die...

#.........÷......h
##.........$.####
#### ##..........#
..... #.....##....#
......
#...........##...r...
#....###..b#÷..%...(.
#...........##.......
#....###.hrr# ......
#....# #.r@.# .....
#.... #....# ####
#### #........
##..#......
##.#......?#
#....>......
#####......# ...>.##
###..#


You could see a jackal, 3 rats and a friendly bat.

Vanquished Creatures
  2 rats (D:1)
2 creatures vanquished.

Vanquished Creatures (collateral kills)
  A giant cockroach (D:1)
  A jackal (D:1)
  3 rats (D:1)
5 creatures vanquished.

Grand Total: 7 creatures vanquished

Notes
Turn   | Place    | Note
-------+----------+-------------------------------------------
     0 | D:1      | mopl the Barachi Summoner began the quest for the Orb.
     0 | D:1      | Reached XP level 1. HP: 13/13 MP: 3/3
    34 | D:1      | Reached skill level 5 in Summonings
   261 | D:1      | Slain by a jackal

Vault maps used:
D:1:      erik_arrival_orb_chamber

Skill      XL: |  1 |
---------------+----+-----
Summonings     | 5 |  5.0
Dodging        | |  2.1
Stealth        | |  1.7
Spellcasting   | |  2.3

Action                   || total
-------------------------++-------
Melee: Whip              ||    12
       Unarmed           ||     5
 Cast: Summon Small Mamm ||     7
Armor: Robe              ||     6
Dodge: Dodged            ||    19

Table legend:
 A = Spawn XP
 B = Non-spawn XP
 C = Spawn XP percentage of total XP
 D = Spawn monster count
 E = Non-spawn monster count
 F = Spawn count percentage of total count
 G = Total turns spent on level
                    A         B        C        D         E        F      G
               +---------+---------+-------+---------+---------+-------+---------
         Total |       0 |       7 |   0.0 |       0 |       7 |   0.0 |   261
               +---------+---------+-------+---------+---------+-------+---------
           D:1 |       0 |       7 |   0.0 |       0 |       7 |   0.0 |   261
               +---------+---------+-------+---------+---------+-------+---------
